[Event "Titled Tuesday Blitz April 12 Early 2022"]
[White "Sanchez, Robert"]
[Black "Skliarov, Viktor"]
[WhiteFideId "2034360"]
[BlackFideId "14106736"]
[WhiteElo "2371"]
[BlackElo "2229"]
[Result "1-0"]
[Round "06"]
[TimeControl "180+1"]
[Date "2022.04.13"]
[WhiteClock "0:00:08"]
[BlackClock "0:00:15"]

1. e4 c5 2. Nf3 Nc6 3. d4 cxd4 4. Nxd4 Nf6 5. Nc3 e5 6. Ndb5 d6 7. Bg5 a6 8. Bxf6 gxf6 9. Na3 b5 10. Nd5 f5 11. Bd3 Be6 12. c4 Qa5+ 13. Kf1 Bxd5 14. cxd5 Nd4 15. Nc2 fxe4 16. Bxe4 Bg7 17. Nxd4 exd4 18. Qg4 Kf8 19. h4 h5 20. Qf3 Re8 21. Rc1 Rh6 22. g3 Rf6 23. Qd3 Qxa2 24. Rc2 b4 25. b3 Qa5 26. Kg2 Qb5 27. Rc4 a5 28. Rhc1 Bh6 29. R1c2 Kg7 30. Qxd4 Re5 31. Rc8 a4 32. bxa4 Qxa4 33. Rb8 Qa3 34. Rcc8 Rf4 35. Rg8+ Kf6 36. gxf4 Bxf4 37. Rbf8 Qc1 38. Qa7 Re7 39. Rg6+ Ke5 40. Qxe7+ Kd4 41. Qxf7 Be5 42. Qf3 Qd2 43. Qd3+ Qxd3 44. Bxd3 Kxd3 45. Rb8 Bc3 46. Kf3 Kc4 47. Rxd6 Kc5 48. Rh6 Be5 49. Rxb4 Kxb4 50. Rxh5 Bd6 51. Ke4 Kc5 52. f4 Bf8 53. Rf5 Kd6 54. h5 Ke7 55. Re5+ Kf6 56. Re6+ Kf7 57. f5 Bb4 58. d6 Kg7 59. d7 Ba5 60. Re8 Kh6 61. d8=Q Bxd8 62. Rxd8 Kh7 63. f6 Kh6 64. Ke5 Kh7 65. Ke6 Kh6 66. Rh8+ Kg5 67. Ra8 Kh6 68. f7 Kh7 69. Rh8+ Kxh8 70. f8=Q+ Kh7 71. Qf7+ Kh8 72. Qf2 Kh7 73. Kf6 Kh8 74. Kg6 Kg8 75. Qf7+ Kh8 76. Qg7# 1-0


[Site "https://www.chess.com"]

[Event "Titled Tuesday Blitz April 12 Early 2022"]
[White "Shipov, Sergei"]
[Black "Silva, Kaua Marques"]
[WhiteFideId "4113624"]
[BlackFideId "22701168"]
[WhiteElo "2805"]
[BlackElo "2071"]
[Result "1-0"]
[Round "06"]
[TimeControl "180+1"]
[Date "2022.04.12"]
[WhiteClock "0:00:29"]
[BlackClock "0:00:09"]

1. d4 Nf6 2. c4 c5 3. d5 e6 4. Nc3 exd5 5. cxd5 d6 6. Nf3 g6 7. e4 Bg7 8. Bg5 Nbd7 9. Nd2 h6 10. Bh4 a6 11. a4 O-O 12. Be2 Re8 13. O-O g5 14. Bg3 Ne5 15. f4 gxf4 16. Bxf4 Ng6 17. Bg3 Qe7 18. Kh1 Nd7 19. Nc4 Nde5 20. Ne3 Nh4 21. Qc2 Qg5 22. Bf4 Qe7 23. Rf2 Neg6 24. Bg3 Bd4 25. Nc4 Bxf2 26. Bxf2 f5 27. Bh5 Qg5 28. Bxh4 Qxh5 29. Nxd6 Rf8 30. Bf2 f4 31. Rg1 b6 32. a5 f3 33. g4 Bxg4 34. axb6 Bh3 35. Rg3 Bg2+ 36. Kg1 Kh8 37. Bxc5 Nf4 38. Bd4+ Kh7 39. Rg7+ Kh8 40. Rxg2+ Kh7 41. Rg7+ 1-0


[Site "https://www.chess.com"]

[Event "Titled Tuesday Blitz April 12 Early 2022"]
[White "Shohat, Yotam"]
[Black "Ovezdurdyyeva, Jemal"]
[WhiteFideId "2813955"]
[BlackFideId "14001888"]
[WhiteElo "2119"]
[BlackElo "1946"]
[Result "1-0"]
[Round "06"]
[TimeControl "180+1"]
[Date "2022.04.13"]
[WhiteClock "0:00:05"]
[BlackClock "0:00:08"]

1. e4 d6 2. d4 Nf6 3. Nc3 c6 4. Nf3 g6 5. h4 b5 6. a3 a5 7. e5 dxe5 8. Nxe5 Bg7 9. h5 Nxh5 10. Rxh5 gxh5 11. Qxh5 Be6 12. Be3 Qc7 13. Ne4 Bd5 14. Nc5 Na6 15. Nxa6 Rxa6 16. a4 Qb7 17. axb5 cxb5 18. Qg4 Bxe5 19. Bxb5+ Kf8 20. Bxa6 Qxa6 21. dxe5 Rg8 22. Qh4 Rxg2 23. O-O-O Qe6 24. Qxh7 Qxe5 25. Qh6+ Ke8 26. Qb6 f6 27. Qb5+ Kf7 28. Qxd5+ Qxd5 29. Rxd5 Rg1+ 30. Kd2 Ra1 31. c4 Ra2 32. Kc3 a4 33. c5 e6 34. Rd7+ Ke8 35. Ra7 Ra1 36. Kb4 Kd8 37. Rxa4 Rb1 38. Bd4 Kc7 39. Bxf6 e5 40. Bxe5+ Kc6 41. Bc3 Rxb2+ 42. Bxb2 1-0


[Site "https://www.chess.com"]

[Event "Titled Tuesday Blitz April 12 Early 2022"]
[White "Shtyka, Sergey"]
[Black "Kucuksari, Kaan"]
[WhiteFideId "4138465"]
[BlackFideId "6380166"]
[WhiteElo "2014"]
[BlackElo "2305"]
[Result "0-1"]
[Round "06"]
[TimeControl "180+1"]
[Date "2022.04.13"]
[WhiteClock "0:00:08"]
[BlackClock "0:01:09"]

1. e4 c5 2. Nf3 Nc6 3. d4 cxd4 4. Nxd4 Nf6 5. Nc3 e5 6. Ndb5 d6 7. Bg5 a6 8. Na3 b5 9. Bxf6 Qxf6 10. Nd5 Qd8 11. Bxb5 axb5 12. Nxb5 Ra7 13. Nxa7 Nxa7 14. O-O Be7 15. b4 O-O 16. a4 Nc6 17. c3 Be6 18. a5 f5 19. Nxe7+ Nxe7 20. exf5 Nxf5 21. Qd2 Nh4 22. Rad1 Bh3 23. Qd5+ Kh8 24. gxh3 Nf3+ 25. Kh1 Qc8 26. Qxd6 Rg8 27. Rg1 Nxg1 28. Rxg1 Qa8+ 29. Rg2 Rd8 30. Qxd8+ Qxd8 31. f3 Qd1+ 32. Rg1 Qxf3+ 33. Rg2 e4 34. a6 e3 35. a7 e2 0-1


[Site "https://www.chess.com"]

[Event "Titled Tuesday Blitz April 12 Early 2022"]
[White "Sjugirov, Sanan"]
[Black "Sarana, Alexey"]
[WhiteFideId "4189302"]
[BlackFideId "24133795"]
[WhiteElo "2602"]
[BlackElo "2666"]
[Result "0-1"]
[Round "06"]
[TimeControl "180+1"]
[Date "2022.04.12"]
[WhiteClock "0:00:02"]
[BlackClock "0:01:27"]

1. d4 Nf6 2. c4 e6 3. Nf3 d5 4. g3 Bb4+ 5. Bd2 Be7 6. Bg2 c6 7. O-O Nbd7 8. Bf4 O-O 9. Nc3 dxc4 10. a4 Nd5 11. Nd2 Nxf4 12. gxf4 c5 13. dxc5 Nxc5 14. Nxc4 Qc7 15. e3 Rd8 16. Qe2 Bd7 17. Nb5 Qb8 18. Ne5 Be8 19. Qc2 Nxa4 20. Qc7 Bd6 21. Qxb8 Raxb8 22. Nxd6 Rxd6 23. b3 Nc5 24. Rxa7 Rb6 25. Rc1 Nxb3 26. Rc7 Nd2 27. Rcxb7 Rb1+ 28. Rxb1 Rxb1+ 29. Bf1 Rxf1+ 30. Kg2 Rc1 31. Ra2 Nc4 32. Ra8 Kf8 33. Rc8 Nxe3+ 0-1


[Site "https://www.chess.com"]

[Event "Titled Tuesday Blitz April 12 Early 2022"]
[White "Skytte, Rasmus"]
[Black "Cagara, Paulina"]
[WhiteFideId "1404210"]
[BlackFideId "1124870"]
[WhiteElo "2430"]
[BlackElo "1780"]
[Result "0-1"]
[Round "06"]
[TimeControl "180+1"]
[Date "2022.04.13"]
[WhiteClock "0:01:50"]
[BlackClock "0:01:55"]

1. e4 c6 2. d4 d5 3. e5 c5 4. dxc5 e6 5. Be3 Nd7 6. Bb5 Qc7 7. Bxd7+ Bxd7 8. b4 Qxe5 9. Qd4 Qxd4 10. Bxd4 Nf6 11. Nc3 b6 12. Rb1 bxc5 13. bxc5 Bc6 14. Nb5 Kd7 15. Bxf6 gxf6 16. Nd4 Bxc5 17. Nxc6 Kxc6 18. Nf3 Rab8 19. O-O e5 20. Rxb8 Rxb8 21. Re1 Rb2 22. h4 Rxc2 23. Rf1 Rxa2 24. h5 a5 25. h6 Kd6 26. Nh4 Ke6 27. g4 a4 28. Nf5 a3 29. Ng7+ Kd7 30. g5 fxg5 31. Nf5 Rxf2 32. Rxf2 a2 33. Ne3 Bxe3 34. Kf1 Bxf2 35. Ke2 a1=Q 36. Kxf2 Qc3 37. Kg2 Ke6 38. Kf2 Kf5 39. Ke2 Kf4 40. Kf2 Qd2+ 41. Kg1 Kg3 42. Kf1 Qf2# 0-1


[Site "https://www.chess.com"]

[Event "Titled Tuesday Blitz April 12 Early 2022"]
[White "Srihari L R"]
[Black "Reprintsev, Alexander"]
[WhiteFideId "46617116"]
[BlackFideId "14100541"]
[WhiteElo "2121"]
[BlackElo "2108"]
[Result "1/2-1/2"]
[Round "06"]
[TimeControl "180+1"]
[Date "2022.04.13"]
[WhiteClock "0:00:04"]
[BlackClock "0:00:11"]

1. c4 e5 2. Nc3 Nc6 3. g3 Bc5 4. Bg2 Nf6 5. e3 d5 6. cxd5 Nb4 7. d4 exd4 8. exd4 Be7 9. Nge2 Nbxd5 10. O-O O-O 11. Bg5 c6 12. Nxd5 Nxd5 13. Bxe7 Nxe7 14. Nf4 Qd6 15. d5 Rd8 16. dxc6 Nxc6 17. Qxd6 Rxd6 18. Rfd1 Rxd1+ 19. Rxd1 Bg4 20. Rc1 Rc8 21. Bxc6 bxc6 22. Kg2 Kf8 23. f3 Bf5 24. g4 Bd7 25. Nd3 Be6 26. a3 a5 27. Nc5 Bd5 28. Re1 f6 29. Kf2 Kf7 30. Re2 Rb8 31. Rc2 g5 32. Kg3 h6 33. f4 Rb5 34. fxg5 hxg5 35. h4 gxh4+ 36. Kxh4 Rb8 37. Kg3 Re8 38. Kf4 Re1 39. Rf2 Rc1 40. Nd3 Rc4+ 41. Ke3 Re4+ 42. Kd2 Kg7 43. Nf4 Bf7 44. Kd3 Re1 45. Ne2 Rb1 46. Nd4 Rd1+ 47. Ke3 c5 48. Nf5+ Kg6 49. Ng3 Be6 50. Ne4 Re1+ 51. Kd3 f5 52. Nxc5 fxg4 53. Kd2 Re5 54. Nd3 Rd5 55. Ke3 Kg5 56. Ke4 Rf5 57. Rd2 Rf1 58. Ke5 Bf5 59. Nf2 g3 60. Ne4+ Bxe4 61. Kxe4 Rf2 62. Rd1 Rxb2 63. Kf3 Rb3+ 64. Kg2 Rxa3 65. Rd5+ Kf4 66. Rd4+ Ke5 67. Rh4 Kd5 68. Rh5+ Kc4 69. Rh4+ Kb5 70. Rh5+ Kb4 71. Rh4+ Kb3 72. Kxg3 a4 73. Kf2 Kc2 74. Ke2 Ra1 75. Rc4+ Kb3 76. Rc8 Rh1 77. Rb8+ Kc2 78. Rc8+ Kb2 79. Rb8+ Ka3 80. Kd2 Rh3 81. Kc1 Rb3 82. Rh8 Ka2 83. Rh2+ Ka1 84. Rh4 a3 85. Kc2 Rb2+ 86. Kc3 Rg2 87. Kb3 Rg3+ 88. Kc2 Ka2 89. Rh2 Rg7 90. Kc3+ Ka1 91. Rh1+ Ka2 92. Rh2+ Ka1 93. Rh1+ Ka2 94. Rh2+ 1/2-1/2


[Site "https://www.chess.com"]

[Event "Titled Tuesday Blitz April 12 Early 2022"]
[White "Steil-Antoni, Fiona"]
[Black "Pourkashiyan, Atousa"]
[WhiteFideId "4001249"]
[BlackFideId "12502014"]
[WhiteElo "2059"]
[BlackElo "2247"]
[Result "0-1"]
[Round "06"]
[TimeControl "180+1"]
[Date "2022.04.13"]
[WhiteClock "0:00:04"]
[BlackClock "0:00:14"]

1. e4 c5 2. Nc3 e6 3. f4 a6 4. Nf3 b5 5. d3 Bb7 6. g3 Nc6 7. Bg2 Nf6 8. O-O Be7 9. Qe1 b4 10. Nd1 O-O 11. c3 bxc3 12. bxc3 d5 13. e5 Nd7 14. d4 cxd4 15. cxd4 Nb6 16. Kh1 Nc4 17. g4 Qb6 18. Qf2 Nb4 19. f5 exf5 20. gxf5 f6 21. e6 Rac8 22. Bf4 Nd6 23. Bxd6 Qxd6 24. Bh3 Rc2 25. Qh4 a5 26. Rg1 Kh8 27. Rg3 Rxa2 28. Rxa2 Nxa2 29. Qg4 Rg8 30. Nh4 g5 31. fxg6 Bf8 32. Nf5 Qb4 33. g7+ Bxg7 34. Nxg7 Qe1+ 35. Rg1 Qe4+ 36. Qxe4 dxe4 37. Ne3 Rxg7 38. Rxg7 Kxg7 39. e7 Kf7 40. d5 Kxe7 41. Bf5 Nc3 42. Bxh7 Kd6 43. h4 Nxd5 44. Nf5+ Ke5 45. Ne7 Nf4 46. h5 Nxh5 47. Kg1 Nf4 48. Ng6+ Nxg6 49. Bxg6 a4 50. Kf2 a3 51. Bf7 Bd5 0-1


[Site "https://www.chess.com"]

[Event "Titled Tuesday Blitz April 12 Early 2022"]
[White "Stribuk, Artiom"]
[Black "Wagh Suyog"]
[WhiteFideId "13515659"]
[BlackFideId "25071688"]
[WhiteElo "2259"]
[BlackElo "2181"]
[Result "1/2-1/2"]
[Round "06"]
[TimeControl "180+1"]
[Date "2022.04.12"]
[WhiteClock "0:00:11"]
[BlackClock "0:00:18"]

1. d4 Nf6 2. c4 g6 3. Nf3 Bg7 4. g3 O-O 5. Bg2 d6 6. Nc3 Nc6 7. O-O a6 8. b3 Rb8 9. d5 Na7 10. Nd4 Bd7 11. Bb2 c5 12. dxc6 Nxc6 13. Rc1 Nxd4 14. Qxd4 Bc6 15. Nd5 Rc8 16. Qd2 Bxd5 17. Bxd5 Nxd5 18. Bxg7 Kxg7 19. Qxd5 Qb6 20. Rfd1 h5 21. h4 Rc5 22. Qd4+ Kg8 23. Rc3 Rfc8 24. Re3 Qc7 25. a4 b5 26. cxb5 axb5 27. axb5 Rxb5 28. Ra1 Rb7 29. Rf3 Rcb8 30. Rc3 Qd7 31. Ra3 Qe6 32. Re3 Qd7 33. Rc3 Qb5 34. Qe3 Qf5 35. Ra7 Qd7 36. Rxb7 Qxb7 37. Qd4 Qb5 38. Qe3 e6 39. Qd4 Qd7 40. e4 Kh7 41. Rd3 Rd8 42. Qb4 Qc6 43. Qc4 Qb6 44. Kg2 Rd7 45. Qd4 Qb7 46. Kh2 Qc6 47. Rf3 e5 48. Qd3 Kg7 49. Re3 Rb7 50. Qd2 Rb6 51. Qe2 Qb7 52. Rd3 Rxb3 53. Rxd6 Rb4 54. Qf3 Qe7 55. Rd5 Rb6 56. Qe3 Rc6 57. Qg5 Re6 58. Qxe7 Rxe7 59. Kg2 Kf6 60. Rd6+ Re6 61. Rd5 Ra6 62. Rd3 Ke6 63. Kf3 f5 64. exf5+ gxf5 65. Rb3 Kf6 66. Rc3 Rb6 67. Ke3 Rd6 68. Rb3 Re6 69. Rd3 Ra6 70. Rb3 Ra4 71. Rb6+ Kg7 72. Re6 Ra5 73. Rb6 Rc5 74. Re6 Rc3+ 75. Ke2 Rc5 76. Kf3 Ra5 77. Kg2 Rb5 78. Rd6 Ra5 79. Kf3 Rb5 80. Rc6 Ra5 81. Ke3 Ra3+ 82. Ke2 Ra2+ 83. Kf3 Ra3+ 84. Kg2 Ra5 85. Re6 Rb5 86. Kf1 Rb1+ 87. Ke2 Rb2+ 88. Ke3 Rb3+ 89. Ke2 Rb2+ 90. Kf3 Rb3+ 91. Kg2 Rb5 1/2-1/2


[Site "https://www.chess.com"]

[Event "Titled Tuesday Blitz April 12 Early 2022"]
[White "Suarez Uriel, Adrian"]
[Black "Delorme, Alban"]
[WhiteFideId "22230874"]
[BlackFideId "623636"]
[WhiteElo "2316"]
[BlackElo "2197"]
[Result "1-0"]
[Round "06"]
[TimeControl "180+1"]
[Date "2022.04.13"]
[WhiteClock "0:01:28"]
[BlackClock "0:00:12"]

1. d4 Nf6 2. c4 g6 3. Nc3 Bg7 4. e4 d6 5. h3 O-O 6. Be3 c5 7. Nge2 cxd4 8. Nxd4 Nc6 9. Be2 Bd7 10. O-O Nxd4 11. Bxd4 Bc6 12. Qc2 a5 13. Rad1 a4 14. f4 Qa5 15. Bf3 Rfc8 16. e5 Bxf3 17. Rxf3 dxe5 18. fxe5 Nd7 19. Nd5 Qxd5 20. Bf2 Qe6 21. b3 Nxe5 22. Re3 Qf5 23. Qe2 axb3 24. axb3 h5 25. Rd5 Ra1+ 26. Kh2 Bh6 27. Rexe5 Bf4+ 28. Bg3 Bxe5 29. Rxe5 Qf1 30. Qxf1 Rxf1 31. Rxe7 b5 32. cxb5 Rb1 33. b6 Rxb3 34. b7 Rf8 35. Rc7 Rb5 36. Bd6 Rxb7 37. Rxb7 Re8 38. h4 Re6 39. Ba3 Re2 40. Bb2 Re8 41. Kg3 Re3+ 42. Kf4 Re8 43. Bf6 Rc8 44. Rd7 Rc4+ 45. Kg5 Kh7 46. Rxf7+ Kg8 47. Rg7+ Kf8 48. Rxg6 Kf7 49. Rg7+ Ke6 50. Re7+ Kd6 51. Kxh5 Rf4 52. Bg5 1-0


[Site "https://www.chess.com"]

[Event "Titled Tuesday Blitz April 12 Early 2022"]
[White "Svane, Frederik"]
[Black "Gabdrakhmanov, Azat"]
[WhiteFideId "12923044"]
[BlackFideId "34189197"]
[WhiteElo "2459"]
[BlackElo "2279"]
[Result "1-0"]
[Round "06"]
[TimeControl "180+1"]
[Date "2022.04.12"]
[WhiteClock "0:00:07"]
[BlackClock "0:00:09"]

1. e4 c5 2. Nf3 e6 3. c3 d5 4. e5 d4 5. Na3 Nc6 6. Bd3 Nge7 7. Nc4 Ng6 8. h4 Qc7 9. cxd4 cxd4 10. Be4 Ncxe5 11. Ncxe5 Nxe5 12. Nxd4 Bc5 13. Nb3 Bb6 14. d4 f5 15. Bf4 Nd3+ 16. Bxd3 Qxf4 17. Bb5+ Kf7 18. Qh5+ g6 19. Qe2 Rd8 20. Rd1 e5 21. Bc4+ Be6 22. h5 g5 23. Bxe6+ Kxe6 24. Qc4+ Kf6 25. O-O Rac8 26. dxe5+ Qxe5 27. Qb4 Qf4 28. Qxf4 gxf4 29. Nd2 Rc2 30. Nf3 Rxd1 31. Rxd1 Rxb2 32. Kh2 Rxa2 33. Rd6+ Ke7 34. Rh6 Rxf2 35. Rxh7+ Kd6 36. h6 Rf1 37. Rg7 Bf2 38. h7 Bg3+ 39. Rxg3 fxg3+ 40. Kxg3 Rh1 41. Nh4 f4+ 42. Kg4 f3 43. gxf3 Rg1+ 44. Kh5 a5 45. h8=Q Re1 46. Qd4+ Kc6 47. Qc3+ Kb5 48. Qxe1 1-0


[Site "https://www.chess.com"]

[Event "Titled Tuesday Blitz April 12 Early 2022"]
[White "Svane, Rasmus"]
[Black "Bekturov, Tamerlan"]
[WhiteFideId "4657101"]
[BlackFideId "13710184"]
[WhiteElo "2645"]
[BlackElo "2151"]
[Result "1-0"]
[Round "06"]
[TimeControl "180+1"]
[Date "2022.04.12"]
[WhiteClock "0:00:32"]
[BlackClock "0:00:07"]

1. Nf3 d5 2. g3 Nf6 3. Bg2 Nbd7 4. d4 Nb6 5. Nc3 Bf5 6. Nh4 Be6 7. O-O g6 8. Nf3 Bg7 9. Ng5 Bf5 10. a4 h6 11. Nf3 a5 12. Nh4 Be6 13. Re1 O-O 14. Qd3 Qd7 15. e4 dxe4 16. Nxe4 Nxe4 17. Bxe4 c6 18. c3 Bc4 19. Qc2 Bd5 20. Nf3 Bxe4 21. Qxe4 Qd5 22. Qe2 Rfe8 23. h4 Qc4 24. Bf4 Qxe2 25. Rxe2 Nd5 26. Bd2 b5 27. Ne5 Ra6 28. Nd3 Nb6 29. Nc5 Raa8 30. Bf4 e6 31. axb5 cxb5 32. Bc7 Nd5 33. Bxa5 b4 34. Ree1 bxc3 35. Bxc3 Rac8 36. Ra7 Red8 37. Rea1 Nf6 38. Rb7 h5 39. Raa7 Rf8 40. Nd7 Nxd7 41. Rxd7 1-0


[Site "https://www.chess.com"]

[Event "Titled Tuesday Blitz April 12 Early 2022"]
[White "Sychev, Klementy"]
[Black "Dubov, Daniil"]
[WhiteFideId "4114060"]
[BlackFideId "24126055"]
[WhiteElo "2564"]
[BlackElo "2791"]
[Result "1-0"]
[Round "06"]
[TimeControl "180+1"]
[Date "2022.04.12"]
[WhiteClock "0:00:02"]
[BlackClock "0:00:04"]

1. d4 d5 2. c4 c6 3. Nf3 Nf6 4. Qc2 g6 5. cxd5 cxd5 6. Bf4 Nc6 7. e3 Bg7 8. Nc3 O-O 9. Be2 Nh5 10. Bg5 h6 11. Bh4 Bf5 12. Qb3 g5 13. Bg3 Nxg3 14. hxg3 e6 15. Qxb7 Na5 16. Qa6 Rb8 17. Qxa7 Rxb2 18. O-O Nc6 19. Qa3 Qb8 20. Rfe1 Rc8 21. Na4 Rb4 22. Nc5 Qb6 23. Bd3 Bg4 24. Nh2 h5 25. Rab1 Bf8 26. Nxg4 hxg4 27. Qc3 Qa5 28. Nd7 Be7 29. a3 Rxb1 30. Qxa5 Nxa5 31. Rxb1 Rc3 32. Be2 Rxa3 33. Ne5 f5 34. Rb6 Ra1+ 35. Kh2 Ra2 36. Bb5 Rxf2 37. Rxe6 Bb4 38. Bd7 Bd2 39. Re7 1-0


[Site "https://www.chess.com"]

[Event "Titled Tuesday Blitz April 12 Early 2022"]
[White "Sztokbant, Bernardo Vainzoff"]
[Black "Kostiukov, Alexandr"]
[WhiteFideId "2115956"]
[BlackFideId "14108100"]
[WhiteElo "2225"]
[BlackElo "2202"]
[Result "0-1"]
[Round "06"]
[TimeControl "180+1"]
[Date "2022.04.13"]
[WhiteClock "0:00:04"]
[BlackClock "0:00:41"]

1. d4 g6 2. e4 c5 3. Nf3 cxd4 4. Nxd4 Bg7 5. Nc3 Nc6 6. Nb3 Nf6 7. Be2 O-O 8. O-O a5 9. a4 Nb4 10. e5 Ne8 11. f4 d6 12. Be3 Bf5 13. Nd4 Bd7 14. Nf3 Bf5 15. Rc1 Rc8 16. Nd4 Bd7 17. Nf3 Bc6 18. Qd2 dxe5 19. Qxd8 Rxd8 20. Nxe5 Nd6 21. Bb6 Ra8 22. Nxc6 bxc6 23. Bf3 Nc4 24. Bc5 Nxb2 25. Ne2 Nxa4 26. Bxe7 Rfc8 27. Rfd1 Nc3 28. Nxc3 Bxc3 29. Rd7 a4 30. Bxb4 Bxb4 31. Ra1 Bc3 32. Ra2 a3 33. Be2 Bb2 34. Bc4 Rf8 35. Rc7 Rac8 36. Bxf7+ Kg7 37. Rxc8 Rxc8 38. Bc4 Rd8 39. Bd3 Kf6 40. Kf2 Ke6 41. Ke3 Kd5 42. Kd2 Kd4 43. c3+ Bxc3+ 44. Kc2 Bb2 45. Be2 Re8 46. Bf3 c5 47. Kb3 c4+ 48. Kc2 Re3 49. h3 Rxf3 50. gxf3 Ke3 51. Rxb2 axb2 52. f5 gxf5 53. Kxb2 Kxf3 0-1


[Site "https://www.chess.com"]

[Event "Titled Tuesday Blitz April 12 Early 2022"]
[White "Taspinar, Yanki"]
[Black "Lashkin, Jegor"]
[WhiteFideId "34561188"]
[BlackFideId "13907808"]
[WhiteElo "1518"]
[BlackElo "2368"]
[Result "1-0"]
[Round "06"]
[TimeControl "180+1"]
[Date "2022.04.12"]
[WhiteClock "0:00:20"]
[BlackClock "0:00:02"]

1. d4 Nf6 2. c4 e6 3. Nf3 d5 4. cxd5 exd5 5. Nc3 c6 6. Bg5 Be7 7. Qc2 g6 8. e3 Bf5 9. Bd3 Bxd3 10. Qxd3 O-O 11. O-O Nbd7 12. Rab1 a5 13. h3 Re8 14. Bf4 Nb6 15. Ne5 Bd6 16. Bh2 Qe7 17. f4 Nfd7 18. Rbe1 f6 19. Ng4 f5 20. Ne5 Bxe5 21. fxe5 Rf8 22. Rf2 a4 23. Ref1 Nc4 24. Bf4 Rf7 25. Bh2 Qg5 26. e6 Re7 27. exd7 Rxd7 28. Bf4 Qe7 29. b3 axb3 30. axb3 Nb6 31. g4 fxg4 32. hxg4 Rdd8 33. Bh6 Qe6 34. Qe2 Nd7 35. g5 Re8 36. Nd1 c5 37. Qf3 c4 38. bxc4 dxc4 39. d5 Qe7 40. e4 Ne5 41. Qf6 Qxf6 42. Rxf6 Ng4 43. R6f4 Ne5 44. d6 Rad8 45. Nc3 Nd3 46. Rf7 Ne5 47. Rg7+ Kh8 48. Re7 Rg8 49. Nd5 Ng4 50. Nf6 Nxf6 51. gxf6 1-0


[Site "https://www.chess.com"]

[Event "Titled Tuesday Blitz April 12 Early 2022"]
[White "Timofeev, Artyom"]
[Black "Seo, Jung Min"]
[WhiteFideId "4140419"]
[BlackFideId "1734687"]
[WhiteElo "2594"]
[BlackElo "2401"]
[Result "1-0"]
[Round "06"]
[TimeControl "180+1"]
[Date "2022.04.12"]
[WhiteClock "0:01:08"]
[BlackClock "0:01:02"]

1. e4 e5 2. Nf3 Nc6 3. Nc3 Nf6 4. Be2 Bb4 5. O-O Bxc3 6. dxc3 O-O 7. Nd2 d6 8. Re1 Be6 9. Bf1 Nd7 10. Nc4 Nb6 11. Ne3 d5 12. exd5 Nxd5 13. Nc4 f6 14. Qf3 Qe7 15. a4 Qf7 16. b3 Rad8 17. Ba3 Rfe8 18. Rad1 Nb6 19. Ne3 Kh8 20. Bb5 Bd7 21. h3 a6 22. Bd3 Be6 23. Be4 Bd7 24. Rd3 Nc8 25. Red1 N8a7 26. Bc5 b6 27. Ba3 Nb8 28. h4 Qg8 29. Qh5 Nc8 30. Bd5 1-0


[Site "https://www.chess.com"]

[Event "Titled Tuesday Blitz April 12 Early 2022"]
[White "Tsyhanchuk, Stanislav"]
[Black "Alinasab, Mobina"]
[WhiteFideId "13505130"]
[BlackFideId "12528897"]
[WhiteElo "2078"]
[BlackElo "2031"]
[Result "0-1"]
[Round "06"]
[TimeControl "180+1"]
[Date "2022.04.13"]
[WhiteClock "0:02:11"]
[BlackClock "0:02:29"]

1. e4 c5 2. Ne2 d6 3. Nbc3 Nf6 4. d4 cxd4 5. Nxd4 a6 6. Be3 e5 7. Nb3 Be6 8. Qd2 Nbd7 9. O-O-O b5 10. Bf4 exf4 11. Qxf4 Be7 12. Nd4 Rc8 13. f3 b4 14. Na4 Qa5 15. b3 Nh5 16. Qd2 Bg5 0-1


[Site "https://www.chess.com"]

[Event "Titled Tuesday Blitz April 12 Early 2022"]
[White "Tuleyeva-Aketayeva, Dana"]
[Black "Dwilewicz, Katarzyna"]
[WhiteFideId "13701932"]
[BlackFideId "1148486"]
[WhiteElo "1875"]
[BlackElo "1907"]
[Result "0-1"]
[Round "06"]
[TimeControl "180+1"]
[Date "2022.04.13"]
[WhiteClock "0:00:01"]
[BlackClock "0:00:08"]

1. d4 d5 2. Nf3 Nf6 3. g3 g6 4. Bg2 Bg7 5. O-O O-O 6. c4 dxc4 7. Ne5 c5 8. dxc5 Qc7 9. Nxc4 Qxc5 10. Qb3 Nc6 11. Be3 Qh5 12. Nc3 Ng4 13. h3 Nxe3 14. Nxe3 Bxh3 15. Qxb7 Bxg2 16. Kxg2 Nd4 17. Rh1 Qe5 18. Qd5 Rab8 19. Qxe5 Bxe5 20. Rab1 e6 21. Nc4 Bg7 22. e3 Nc6 23. Rhc1 Rfc8 24. Nd6 Rd8 25. Nde4 Ne5 26. Rc2 Nc4 27. Nc5 Rbc8 28. Nb3 f5 29. Kf1 Kf7 30. Ke2 Nxb2 31. Rbxb2 Rxc3 32. Rxc3 Bxc3 33. Rc2 Be5 34. Nd2 Ke7 35. Nf3 Bf6 36. Rc7+ Rd7 37. Rc4 e5 38. Ra4 h5 39. Ra6 Rb7 40. Kf1 g5 41. Ne1 e4 42. Nc2 h4 43. Na3 h3 44. Kg1 g4 45. Kh2 Be5 46. Nc4 Bb8 47. Rg6 Rb1 48. Rg7+ Ke6 0-1


[Site "https://www.chess.com"]

[Event "Titled Tuesday Blitz April 12 Early 2022"]
[White "Uzuner, Tufan Can"]
[Black "Seul, Georg"]
[WhiteFideId "6300499"]
[BlackFideId "4601653"]
[WhiteElo "2138"]
[BlackElo "2271"]
[Result "0-1"]
[Round "06"]
[TimeControl "180+1"]
[Date "2022.04.13"]
[WhiteClock "0:00:18"]
[BlackClock "0:00:18"]

1. d4 f5 2. Bg5 g6 3. Bh4 Bg7 4. c3 d6 5. f3 Nf6 6. Nd2 Nc6 7. e4 e5 8. Bb5 O-O 9. Ne2 h6 10. Bxc6 bxc6 11. dxe5 dxe5 12. Bf2 fxe4 13. Nxe4 Nxe4 14. Qxd8 Rxd8 15. fxe4 Ba6 16. Rd1 Rxd1+ 17. Kxd1 Rd8+ 18. Ke1 Bd3 19. Ng3 h5 20. h4 Bh6 21. Rh3 a6 22. b3 Kf7 23. c4 Bb1 24. a4 Bc2 25. Ne2 Bxe4 26. Be3 Bxg2 27. Rg3 Bxe3 28. Rxe3 e4 29. Nc3 Rd3 30. Rxd3 exd3 31. Kd2 Bf1 32. Ne4 Ke7 33. a5 Bg2 34. Nc5 g5 35. hxg5 h4 36. Nxd3 h3 37. Nf2 h2 38. b4 h1=Q 39. Nxh1 Bxh1 40. Ke3 Ke6 41. Kd4 Kf5 42. Kc5 Kxg5 43. Kd4 Kf6 44. Kc5 Ke6 45. Kd4 Kd6 46. c5+ Ke6 47. Kc4 Ke5 48. Kc3 Kd5 49. Kd3 Be4+ 50. Kc3 Bg6 51. Kb3 Kd4 52. Ka4 Kc4 53. Ka3 Kb5 54. Kb3 Bf7+ 55. Ka3 Be6 0-1


[Site "https://www.chess.com"]

[Event "Titled Tuesday Blitz April 12 Early 2022"]
[White "Vinod, Kumar Sharma"]
[Black "Pinheiro, Iung Alicio de O."]
[WhiteFideId "5013518"]
[BlackFideId "2104350"]
[WhiteElo "2154"]
[BlackElo "2584"]
[Result "0-1"]
[Round "06"]
[TimeControl "180+1"]
[Date "2022.04.13"]
[WhiteClock "0:00:02"]
[BlackClock "0:00:12"]

1. e4 c5 2. Nf3 Nc6 3. d4 cxd4 4. Nxd4 Nf6 5. Nc3 e5 6. Nf3 Bb4 7. Bc4 O-O 8. O-O Bxc3 9. bxc3 Nxe4 10. Re1 Nxc3 11. Qd6 Qf6 12. Ba3 Re8 13. Re3 b5 14. Bb3 e4 15. Rae1 b4 16. Bxb4 Nb5 17. Qxf6 gxf6 18. Rxe4 Rxe4 19. Rxe4 Nxb4 20. Rxb4 a6 21. a4 Nc7 22. Rf4 Kg7 23. Rg4+ Kf8 24. Rf4 Ke7 25. Nd4 d5 26. Rh4 Rb8 27. Nc6+ Kd6 28. Nxb8 Be6 29. Rxh7 Kc5 30. Rh8 Kb6 31. h4 Kb7 32. h5 Bc8 33. h6 Bf5 34. h7 d4 35. Nd7 Kc6 36. Nxf6 Bxh7 37. Rxh7 Kd6 38. Rxf7 Ne6 39. Rh7 Nc5 40. Ng4 Ne4 0-1


[Site "https://www.chess.com"]

[Event "Titled Tuesday Blitz April 12 Early 2022"]
[White "Vokhidov, Shamsiddin"]
[Black "Jumabayev, Rinat"]
[WhiteFideId "14204223"]
[BlackFideId "13702661"]
[WhiteElo "2611"]
[BlackElo "2561"]
[Result "0-1"]
[Round "06"]
[TimeControl "180+1"]
[Date "2022.04.12"]
[WhiteClock "0:00:08"]
[BlackClock "0:00:06"]

1. e4 e6 2. d4 d5 3. Nc3 Nf6 4. Bg5 dxe4 5. Nxe4 Be7 6. Nxf6+ Bxf6 7. Bxf6 Qxf6 8. Nf3 c5 9. Bb5+ Bd7 10. Qd3 O-O 11. Bxd7 Nxd7 12. O-O-O Rac8 13. Qe4 c4 14. d5 c3 15. b3 exd5 16. Rxd5 Nc5 17. Qe5 Qa6 18. a4 Qb6 19. Qd4 Nxb3+ 20. cxb3 Qxb3 21. Rb5 Qa3+ 22. Kc2 Qa2+ 23. Kc1 Rfd8 24. Qb4 Qa1+ 25. Qb1 Qa3+ 26. Kc2 Qxa4+ 27. Qb3 Qe4+ 28. Kc1 Qf4+ 29. Kc2 Rd2+ 30. Kb1 Rb2+ 31. Qxb2 cxb2 32. Rxb2 Qf5+ 33. Ka1 Qa5+ 34. Kb1 Qf5+ 35. Ka1 Rc4 36. Re1 Ra4+ 37. Ra2 Qf6+ 38. Kb1 Qf5+ 39. Rc2 Rb4+ 40. Kc1 g6 41. Re3 Qb5 42. Nd2 Kg7 43. Rec3 Ra4 44. Nb3 Qg5+ 45. Kb2 Qxg2 46. f4 Qd5 47. Nc5 Rb4+ 48. Kc1 a5 49. Nd3 Rd4 50. Ne5 Rxf4 51. Rc5 Rf1+ 52. Kb2 Qd4+ 53. R2c3 Qb4+ 54. Kc2 Rf2+ 55. Kd3 Qb1+ 56. Kc4 Rf4+ 57. Kd5 Qe4+ 58. Kd6 Rf6+ 59. Kc7 Qd4 60. Nd7 Qd6+ 61. Kc8 Re6 62. Rc7 Re8+ 63. Kxb7 Re7 64. R3c6 Qb4+ 65. Rb6 Qd4 66. Nb8 Rxc7+ 67. Kxc7 a4 68. Nc6 Qc3 69. Ra6 a3 0-1


[Site "https://www.chess.com"]